 Dungeon Crawl Stone Soup version 0.28-a0-779-g3d1f99b579 (webtiles) character file.

Game seed: 17240423408706604936

641 ytrimaz the Conjurer (level 7, -2/41 HPs)
             Began as an Octopode Conjurer on Nov 2, 2021.
             Slain by a kobold brigand (7 damage)
             ... in a sewer.
             The game lasted 00:05:12 (6390 turns).

ytrimaz the Conjurer (Octopode Conjurer)            Turns: 6390, Time: 00:05:12

Health: -2/41      AC:  1    Str:  6    XL:     7   Next: 51%
Magic:  10/15      EV: 13    Int: 22    God:
Gold:   173        SH:  0    Dex: 11    Spells: 13/16 levels left

rFire   . . .      SeeInvis .   b - +0 dagger (elec)
rCold   . . .      Faith    .   (no shield)
rNeg    + . .      Spirit   .   (helmet restricted)
rPois   .          Reflect  .   (no amulet)
rElec   .          Harm     .   a - ring of positive energy
rCorr   .          Rampage  .   (no ring)
Will    .....                   (no ring)
Stlth   +++.......              (no ring)
HPRegen 0.13/turn               (no ring)
MPRegen 0.14/turn               (no ring)
                                (no ring)
                                (no ring)

@: lethally poisoned (-2 -> -5), slowed, very slow
A: almost no armour, amphibious, 8 rings, camouflage 1, gelatinous body 1,
(nimble swimmer 1), tentacles
a: no special abilities


You were in a sewer.
You visited 1 branch of the dungeon, and saw 4 of its levels.
You also visited: Sewer.

You collected 173 gold pieces.

Inventory:

Hand Weapons
 b - a +0 dagger of electrocution (weapon)
Armour
 h - a +0 kite shield
Magical Staves
 k - a staff of earth
Jewellery
 a - a ring of positive energy (left tentacle)
 l - a +6 ring of dexterity
Scrolls
 e - 2 scrolls of teleportation
 i - a scroll of summoning
 o - a scroll of identify
 p - a scroll of noise {unknown}
Potions
 c - a potion of degeneration {unknown}
 d - 5 potions of haste
 f - 2 potions of curing {unknown}
 g - 3 potions of mutation {unknown}
 j - a potion of flight {unknown}
 m - 2 potions of brilliance {unknown}
 n - a potion of invisibility {unknown}
 q - 2 potions of magic {unknown}
 r - 2 potions of resistance {unknown}


   Skills:
 * Level 3.6 Dodging
 - Level 2.6 Stealth
 * Level 5.4 Spellcasting
 + Level 6.1 Conjurations


You had 13 spell levels left.
You knew the following spells:

 Your Spells              Type           Power      Damage    Failure   Level
a - Magic Dart            Conj           100%       1d8       1%          1
b - Searing Ray           Conj           64%        2d6       1%          2

Your spell library contained the following spells:

 Spells                   Type           Power      Damage    Failure   Level
 Dazzling Flash           Conj/Hex       38%        N/A       9%          3
 Fulminant Prism          Conj/Hex       9%         3d7       26%         4
 Iskenderun's Mystic Bla  Conj/Tloc      19%        2d6       26%         4


Dungeon Overview and Level Annotations

Branches:
Dungeon (4/15)              Sewer (1/1)
 Temple: D:4-7

Altars:
Ru
Zin


Innate Abilities, Weirdness & Mutations

You cannot wear most types of armour.
You are amphibious.
You can wear up to eight rings at the same time.
Your skin changes colour to match your surroundings (Stealth+).
Your rubbery body absorbs attacks. (AC +1, EV +1)
((You are camouflaged near water. (Stealth+)))
You have tentacles for arms and can constrict up to eight enemies at once.


Message History

The poisoned dart closely misses you.
There is an open door here.
The magic dart hits the kobold.
You kill the kobold!
You can't see any susceptible monsters within range! (Use Z to cast anyway.)
p - a scroll labelled MIABRA WULL
Things that are here:
a +0 dagger; 6 poisoned darts
Items here: (( )) ††.
The kobold brigand shouts!
The kobold brigand throws a curare-tipped dart.
The curare-tipped dart hits you.
You are poisoned.
You have difficulty breathing.
You feel yourself slow down.
The magic dart hits the kobold brigand.
The kobold brigand is moderately wounded.
You feel very sick.
The kobold brigand throws a curare-tipped dart.
The curare-tipped dart misses you.
The magic dart hits the kobold brigand.
The kobold brigand is moderately wounded.
You feel very sick.
You feel very sick.
Casting: Magic Dart (safe; 1% risk of failure)
Confirm with . or Enter, or press ? or * to list all spells.
Aiming: Searing Ray (safe; 1% risk of failure)
Press: ? - help, Shift-Dir - straight line, f/p - kobold brigand
Aim: a kobold brigand, wielding a +0 short sword and quivering curare-tipped darts (moderately wounded, 76% to hit)
The searing ray hits the kobold brigand.
The kobold brigand is heavily wounded. (Press . to maintain the ray.)
You feel sick.
The kobold brigand hits you with a +0 short sword.
The kobold brigand hits you with a +0 short sword!
* * * LOW HITPOINT WARNING * * *
The searing ray hits the kobold brigand!
The kobold brigand is severely wounded.
You feel sick.
The kobold brigand hits you with a +0 short sword!
You die...

#....≈.≈≈≈≈≈≈##..##
#.....≈≈≈≈≈≈≈#....#
#.....≈≈≈≈≈≈≈.....##
##...≈≈≈≈≈≈≈≈......#
#....≈≈≈≈≈≈≈≈≈....#
#...≈≈≈≈≈≈≈≈≈≈)...#
##...≈≈≈≈≈≈≈≈≈)...#
###K###≈≈≈≈≈≈###'##
#.@...#≈≈≈≈≈≈#.....
#..)..#≈≈≈≈≈≈#.....
##.).##≈≈≈≈≈≈##...#
#.....#≈≈≈≈≈≈#.....
#[.#..#≈≈≈≈≈÷#.[#[.
#######≈≈≈≈≈≈######
≈≈≈≈≈≈≈≈≈≈≈≈≈≈≈≈≈≈≈≈
≈≈≈≈≈≈≈≈≈≈≈≈≈≈≈≈≈≈≈≈≈
######################


You could see a kobold brigand.

Vanquished Creatures
  Grinder (D:3)
  An ogre (D:4)
  A bullfrog skeleton (D:4)
  Natasha (twice) (D:3)
  An orc wizard (D:3)
  9 adders
  6 river rats (Sewer)
  2 worms (D:4)
  2 dart slugs (D:1)
  13 ball pythons
  7 bats
  7 endoplasms
  2 giant cockroaches (D:1)
  11 goblins
  7 hobgoblins
  8 jackals
  9 quokkas
  3 frilled lizards
  24 kobolds
  19 rats
135 creatures vanquished.

Notes
Turn   | Place    | Note
-------+----------+-------------------------------------------
     0 | D:1      | ytrimaz the Octopode Conjurer began the quest for the Orb.
     0 | D:1      | Reached XP level 1. HP: 11/11 MP: 3/3
   412 | D:1      | Reached XP level 2. HP: 17/17 MP: 1/5
   775 | D:1      | Learned a level 2 spell: Searing Ray
   961 | D:1      | Reached XP level 3. HP: 17/21 MP: 2/6
  2095 | D:2      | Reached XP level 4. HP: 27/27 MP: 2/8
  2610 | D:2      | Reached skill level 5 in Conjurations
  3072 | D:3      | Found a sacrificial altar of Ru.
  3112 | D:3      | Reached XP level 5. HP: 23/31 MP: 0/9
  3329 | D:3      | Noticed Natasha
  3700 | D:3      | Noticed Grinder
  3714 | D:3      | Paralysed by Grinder for 5 turns
  3736 | D:3      | Killed Grinder
  3737 | D:3      | Reached XP level 6. HP: 16/36 MP: 0/12
  4245 | D:3      | Found a glowing silver altar of Zin.
  4281 | D:3      | Killed Natasha
  4326 | D:3      | Noticed Natasha
  4330 | D:3      | Killed Natasha
  4633 | D:4      | Reached skill level 5 in Spellcasting
  4633 | D:4      | Reached XP level 7. HP: 41/41 MP: 9/14
  4706 | D:4      | Found a glowing drain.
  4784 | Sewer    | Entered a sewer
  5024 | Sewer    | Reached skill level 6 in Conjurations
  6390 | Sewer    | Slain by a kobold brigand

Illustrated notes

Levels and vault maps discovered:
D:1:      matt_arrival_diagonals, layout_loops_corners, minmay_misc_feat_tower,
          minmay_split_cup_large
D:2:      layout_loops_ring
D:3:      layout_basic, zin_treasury, nicolae_ru_great_annihilating_truth,
          uniq_grinder, uniq_natasha
D:4:      layout_cave_pools, nicolae_uskayaw_murder_on_the_dancefloor,
          lemuel_mausoleum_altar_yredelemnul, cheibrodos_sewer_entry_bend,
          kennysheep_diamond
Sewer:    sewer_minmay_treatment

Skill      XL: |  1  2  3  4  5  6  7 |
---------------+----------------------+-----
Spellcasting   | 3 4 5 |  5.4
Conjurations   | 5 6 |  6.1
Dodging        | 3 |  3.6
Stealth        | |  2.6

Action                   |  1- 3 |  4- 6 |  7- 9 || total
-------------------------+-------+-------+-------++-------
Melee: Unarmed           |     5 |       |       ||     5
       Constrict         |     7 |     2 |     2 ||    11
       Dagger            |    18 |     5 |     8 ||    31
       Tentacles         |     2 |     1 |       ||     3
 Cast: Magic Dart        |    71 |   107 |   108 ||   286
       Searing Ray       |     1 |     2 |     2 ||     5
  Use: Scroll            |     4 |     2 |       ||     6
       Potion            |       |       |     1 ||     1
Armor: Skin              |     2 |     1 |     4 ||     7
Dodge: Dodged            |    17 |    11 |    20 ||    48

Table legend: (Time is in decaauts)
 A = Elapsed time spent in this place.
 B = Non-inter-level travel time spent in this place.
 C = Inter-level travel time spent in this place.
 D = Time resting spent in this place.
 E = Time spent auto-exploring this place.
 F = Levels seen in this place.
 G = Mean time per level.
                   A        B        C        D        E       F      G
               +--------+--------+--------+--------+--------+-----+--------+
         Total |   6402 |   6310 |     92 |   1545 |   3988 |   5 | 1280.4 |
       Dungeon |   4782 |   4690 |     92 |    568 |   3659 |   4 | 1195.5 |
         Sewer |   1620 |   1620 |      0 |    977 |    329 |   1 | 1620.0 |
               +--------+--------+--------+--------+--------+-----+--------+

Top non-repeatable levels by time:
     D:1: 1906 daAuts
   Sewer: 1620 daAuts
     D:3: 1420 daAuts
     D:2: 1121 daAuts
     D:4: 333 daAuts
